AoeStats
← 关灯吃面

African Clearing

510699500Analyzed
4v4 RM · 17h ago on Oct 2, 2026· 45m 17s· 8 players
Game mode
Random Map
Map size
Large (8 player)
Population
200
Speed
Normal
Resources
Standard
Victory
Conquest
Starting age
Dark Age
Ending age
Imperial Age
RankedLock teamsTeams togetherTeam positionsShared explorationLock speedFull tech treeHidden civsTurbo modeCheats
Victory
Defeat
🇨🇳 Wei · China
1120
+14
🇨🇳 Sicilians · China
1086
+15
🇲🇽 Bengalis · Mexico
1085
+15
🇬🇹 Bohemians · Guatemala
1075
+16
🇨🇿 Burmese · Czechia
1154
-19
1103
-16
🇨🇳 Malians · China
1025
-13
🇨🇳 Teutons · China
995
-35
PacoelJusto
13:39 Feudal Age
14:34 Double-Bit Axe
14:27 Man-at-Arms
15:43 Loom
15:58 Arson
18:14 Town Watch
18:41 Forging
18:54 Scale Mail Armor
26:07 Scale Barding Armor
27:01 Bloodlines
28:01 Wheelbarrow
31:15 Castle Age
33:50 Bow Saw
35:13 Sanctity
35:13 Husbandry
35:39 Gold Mining
35:53 Light Cavalry
37:08 Fervor
43:10 Imperial Age
40:56 Hand Cart
41:56 Gold Shaft Mining
45:10 Block Printing
45:24 Illumination
lipesius
8:12 Loom
14:59 Feudal Age
18:37 Castle Age
16:50 Double-Bit Axe
18:42 Town Watch
20:13 Bow Saw
21:01 Horse Collar
22:32 Heavy Plow
29:19 Wheelbarrow
30:01 Fletching
30:40 Bodkin Arrow
34:08 Wagenburg Tactics
37:02 Imperial Age
35:55 Chemistry
37:34 Elite Hussite Wagon
38:35 Conscription
38:24 Siege Engineers
aaa916_
6:40 Loom
13:42 Feudal Age
19:41 Castle Age
18:35 Double-Bit Axe
18:45 Gold Mining
26:56 Bloodlines
27:04 Husbandry
27:41 Scale Barding Armor
28:13 Forging
30:39 Wheelbarrow
29:55 Town Watch
31:57 Bow Saw
32:34 Gold Shaft Mining
32:13 Stone Mining
33:38 Iron Casting
34:49 Chain Barding Armor
37:04 Hand Cart
40:27 Imperial Age
38:03 Town Patrol
40:35 Cavalier
42:31 Plate Barding Armor
42:56 Blast Furnace
43:40 Hauberk
45:11 Stone Shaft Mining
44:21 Horse Collar
45:06 Heavy Plow
XGPU1741
5:20 Loom
13:09 Feudal Age
16:59 Feudal Age
17:30 Double-Bit Axe
20:51 Forging
20:46 Scale Barding Armor
24:38 Castle Age
22:49 Stone Mining
23:19 Gold Mining
25:48 Bow Saw
26:14 Fletching
29:16 Wheelbarrow
29:11 Ballistics
30:50 Stone Shaft Mining
31:05 Hand Cart
32:43 Iron Casting
32:28 Chain Barding Armor
34:18 Gold Shaft Mining
35:05 Bloodlines
34:56 Husbandry
35:02 Horse Collar
38:35 Imperial Age
37:21 Heavy Plow
38:41 Elite Tiger Cavalry
39:43 Conscription
40:30 Blast Furnace
42:11 Town Watch
43:15 Tuntian
44:55 Chemistry
44:06 Fortified Wall
44:07 Masonry
45:14 Ming Guang Armor
DESTINNI
7:34 Loom
关灯吃面
15:26 Feudal Age
23:21 Castle Age
21:30 Man-at-Arms
23:02 Double-Bit Axe
26:32 Fishing Lines
27:08 Gambesons
30:20 Wheelbarrow
29:32 Loom
30:28 Wheelbarrow
29:44 Loom
30:39 Gillnets
32:59 Bow Saw
33:09 Horse Collar
36:49 Bloodlines
36:52 Scale Barding Armor
39:11 Hand Cart
38:42 Town Watch
43:33 Imperial Age
40:58 Pikeman
41:38 Squires
41:57 Town Patrol
42:29 Chain Barding Armor
Pay It Forward
3:49 Loom
14:30 Feudal Age
20:14 Castle Age
19:04 Scale Mail Armor
18:53 Double-Bit Axe
19:39 Horse Collar
19:51 Gold Mining
23:00 Bow Saw
23:25 Chain Mail Armor
25:22 Wheelbarrow
26:34 Squires
29:55 Hand Cart
30:14 Town Watch
31:57 Stone Mining
32:44 Gold Shaft Mining
32:16 Heavy Plow
34:35 Stone Shaft Mining
37:05 Imperial Age
36:18 Fervor
36:29 Sanctity
36:12 Herbal Medicine
37:09 Elite Gbeto
38:09 Conscription
39:01 Conscription
39:21 Plate Mail Armor
39:02 Forging
44:24 Iron Casting
꧁༺乡 SC∆R 乡 ༻꧂
5:09 Loom
16:40 Feudal Age
21:07 Fletching
21:59 Padded Archer Armor
23:33 Stone Mining
27:05 Castle Age
26:48 Gold Mining
27:30 Crossbowman
29:21 Bodkin Arrow
33:55 Wheelbarrow
33:06 Town Watch
34:06 Thumb Ring
41:46 Imperial Age
Connection lost

Rejoining the realm…

Still unreachable

The connection could not be restored.

Session expired

The server has moved on; the page needs a fresh start.